Map: Dusk Towers

Players

LilDicky - Winner!

  • Race: Terran Terran
  • League: Diamond

darkFIGHTER

  • Race: Terran Terran
  • League: Platinum

VOD

http://www.twitch.tv/tumescentpie

Description

Time

  • Played on: Dec. 5, 2015, 8:23 p.m.
  • Length: 8:03
Show
View Real Time Build Order
Export as new Build Order

LilDicky Terran - Winner!

Build Orders: Mech, Banshee Rush 

Get SALT Encoding   

  12  0:03  SCV  
  13  0:15  SCV  
  13  0:20  Supply Depot  
  14  0:27  SCV  
  15  0:30  Refinery  
  15  0:41  SCV  
  16  0:46  Barracks  
  16  0:53  SCV  
  17  1:05  SCV  
  18  1:17  SCV  
  19  1:30  SCV  
  20  1:34  Reaper  
  21  1:40  Supply Depot  
  21  1:43  Orbital Command  
  21  1:47  Refinery  
  21  2:00  Factory  
  21  2:08  Marine  
  21  2:14  SCV  
  22  2:26  SCV, Marine  
  24  2:51  Marine  
  24  2:53  Factory Tech Lab  
  24  2:56  Starport  
  24  2:57  SCV  
  26  3:09  Marine  
  27  3:22  SCV  
  27  3:26  Command Center  
  30  3:34  SCV  
  30  3:39  Supply Depot  
  29  3:41  Banshee  
  29  3:45  Barracks Reactor  
  31  3:48  Cloaking Field  
  31  3:50  Factory Tech Lab  
  31  4:01  SCV  
  32  4:07  Supply Depot  
  32  4:10  Siege Tank  
  35  4:18  SCV  
  35  4:22  Marine  
  35  4:23  Marine  
  38  4:29  Banshee  
  41  4:32  Supply Depot, SCV  
  41  4:34  Supply Depot  
  42  4:41  Engineering Bay  
  42  4:42  Orbital Command  
  42  4:44  Marine x2  
  44  4:46  Siege Tank  
  44  4:50  SCV  
  44  4:51  Refinery  
  48  4:53  Refinery  
  48  5:02  SCV, Marine x2  
  51  5:34  Banshee, Siege Tank  
  57  5:42  Missile Turret  
  57  5:47  Supply Depot  
  57  5:48  SCV  
  57  5:49  Command Center  
  58  5:51  SCV  
  55  6:23  Marine x2  
  50  6:48  SCV  
  50  6:52  Siege Tank  
  50  6:53  Banshee, SCV  
  50  6:59  Factory x2, Marine  
  50  7:00  SCV  
  50  7:05  SCV  
  50  7:12  SCV  
  50  7:13  Marine  
  50  7:24  Siege Tank  
  50  7:44  SCV  
  50  7:45  SCV  
  50  7:50  Factory Reactor  
  50  7:51  Factory Reactor  
  50  7:56  Refinery  
Show
View Real Time Build Order
Export as new Build Order

darkFIGHTER Terran 

Build Orders:  

Get SALT Encoding   

  12  0:01  SCV  
  13  0:13  SCV  
  14  0:22  Supply Depot  
  14  0:25  SCV  
  15  0:44  SCV  
  15  0:45  Barracks  
  16  0:56  SCV  
  17  1:13  Command Center  
  17  1:16  SCV  
  18  1:29  SCV  
  19  1:35  Refinery  
  19  1:37  Refinery  
  19  1:42  Marine  
  19  1:46  Supply Depot  
  20  1:55  Orbital Command  
  20  2:21  SCV  
  21  2:31  Barracks  
  21  2:33  SCV  
  21  2:37  Marine  
  22  2:42  Orbital Command  
  20  2:54  Marine  
  20  2:55  SCV  
  20  3:14  Marine  
  21  3:33  Factory  
  22  3:34  Barracks Tech Lab  
  22  3:36  Supply Depot  
  22  3:47  SCV  
  22  3:49  Barracks Reactor  
  22  3:50  SCV  
  23  3:56  Stimpack  
  23  3:57  Marauder  
  23  4:00  SCV  
  23  4:02  SCV  
  27  4:11  Supply Depot  
  27  4:12  SCV  
  27  4:14  SCV  
  29  4:19  Starport  
  29  4:24  SCV  
  32  4:25  Marauder  
  32  4:27  Factory Reactor  
  32  4:31  SCV  
  33  4:36  SCV  
  34  4:40  Marine x2  
  34  4:43  SCV  
  37  4:46  Marauder  
  37  4:48  SCV  
  40  4:56  SCV  
  40  4:58  Refinery  
  41  5:00  Medivac  
  39  5:17  Marine x3  
  39  5:22  Supply Depot  
  33  5:42  Marine x2  
  29  5:43  Marine  
  29  5:46  Viking  
  29  5:47  Widow Mine  
  36  5:50  SCV x2  
  36  6:09  SCV x2  
  28  6:21  SCV  
  28  6:22  SCV  
Tags
 
Add a new tag
Caveats
  • Supply blocks, unpowered buildings, or Contaminate may cause inaccurate times.
  • Supply counts are checked every 10 seconds.